 Dungeon Sprint DCSS version 0.30-a0-691-g754fce4c43 (webtiles) character file.

Game seed: 10156270255511727158

292 rocky1 the Blocker (level 10, -1/94 HPs)
             Began as a Minotaur Fighter on Jan 19, 2023.
             Was an Initiate of Gozag.
             Constricted to death by a giant anaconda (3 damage)
             ... in the Dungeon (Sprint VI: "Thunderdome").
             The game lasted 00:06:46 (635 turns).

rocky1 the Blocker (Minotaur Fighter)                Turns: 635, Time: 00:06:46

Health: -1/94      AC:  8    Str: 24    XL:     10   Next: 49%
Magic:  18/18      EV:  9    Int:  7    God:    Gozag
Gold:   304        SH:  7    Dex:  9    Spells: 9/9 levels left

rFire   . . .      SeeInvis .    a - +0 flail
rCold   + . .      Faith    .    c - +0 buckler
rNeg    . . .      Spirit   .    d - +0 scale mail
rPois   +          Reflect  .    (helmet restricted)
rElec   +          Harm     .    (no cloak)
rCorr   +          Rampage  .    (no gloves)
Will    +....      NoTele   +    (no boots) Stlth
                                 o - amulet "Geagonke" {Acrobat Fly Slay+2}
HPRegen 0.35/turn                p - ring "Obihehergh" {rElec rPois rC+ Will+}
MPRegen 0.16/turn                i - ring of Geodood {rCorr MP+9}

@: flying, hasted, constricted, very quick
A: horns 2, retaliatory headbutt
a: Renounce Religion, Potion Petition, Call Merchant, Bribe Branch


You were in the Dungeon.
You worshipped Gozag.
Gozag was aware of your devotion.
You visited 1 branch You collected 2328 gold pieces.
You spent 2024 gold pieces at shops.

Inventory:

Hand Weapons
 a - a +0 flail (weapon)
 b - a +0 hand crossbow
Armour
 c - a +0 buckler (worn)
 d - a +0 scale mail (worn)
Jewellery
 i - the ring of Geodood (right hand) {rCorr MP+9}
   (You bought it in a shop in the Dungeon)

   [ring of magical power]

   MP:        It affects your magic capacity (+9).
   rCorr:     It protects you from acid and corrosion.
 o - the amulet "Geagonke" (around neck) {Acrobat Fly Slay+2}
   (You bought it in a shop in the Dungeon)

   [amulet of the acrobat]

   It increases your evasion while moving and waiting.
   Slay:      It affects your accuracy & damage with ranged weapons and melee
   (+2).
   Fly:       It grants you flight.
 p - the ring "Obihehergh" (left hand) {rElec rPois rC+ Will+}
   (You bought it in a shop in the Dungeon)

   [ring of willpower]

   rC:        It protects you from cold.
   rElec:     It insulates you from electricity.
   rPois:     It protects you from poison.
   Will:      It increases your willpower.
Wands
 l - a wand of light (5)
 m - a wand of iceblast (5)
Scrolls
 j - 4 scrolls of blinking
 n - 3 scrolls of fog
 q - 8 scrolls of enchant weapon
 r - a scroll of brand weapon
Potions
 e - 4 potions of curing
 f - 3 potions of heal wounds
 g - 3 potions of haste
 h - 2 potions of magic
 k - a potion of resistance


   Skills:
 + Level 10.3 Fighting
 * Level 13.6 Maces & Flails
 + Level 6.8 Ranged Weapons
 + Level 10.3 Armour
 + Level 8.7 Dodging
 * Level 13.9 Shields
 - Level 2.7 Evocations


You had 9 spell levels left.
You didn't know any spells.
Your spell library was empty.

Dungeon Overview and Level Annotations

Branches:
Dungeon (1/1)

Altars:
Cheibriados
Dithmenos
Fedhas
Gozag
Kikubaaqudgha
Makhleb
Okawaru
Qazlal
Ru
Sif Muna
Trog
Uskayaw
Vehumet
Wu Jian
Xom
Yredelemnul
Zin
The Shining One
Lugonu

Shops:
D *[??*?*:[((!!!!


Innate Abilities, Weirdness & Mutations

You have a pair of horns on your head.
You reflexively headbutt those who attack you in melee.


Message History

The giant anaconda is almost dead.
The giant anaconda bites you but does no damage.
The giant anaconda constricts you.
* * * LOW HITPOINT WARNING * * *
You closely miss the giant anaconda.
Your headbutt misses the giant anaconda.
The giant anaconda is almost dead.
The giant anaconda bites you.
* * * LOW HITPOINT WARNING * * *
The giant anaconda constricts you.
* * * LOW HITPOINT WARNING * * *
You feel much better. The giant anaconda bites you.
* * * LOW HITPOINT WARNING * * *
The giant anaconda constricts you.
* * * LOW HITPOINT WARNING * * *
You miss the giant anaconda.
The giant anaconda is almost dead.
You block the giant anaconda's attack. The giant anaconda constricts you.
* * * LOW HITPOINT WARNING * * *
You hit the giant anaconda but do no damage.
Your headbutt misses the giant anaconda.
The giant anaconda is almost dead.
You block the giant anaconda's attack. The giant anaconda constricts you.
* * * LOW HITPOINT WARNING * * *
You hit the giant anaconda but do no damage.
The giant anaconda is almost dead.
The giant anaconda bites you!
* * * LOW HITPOINT WARNING * * *
The giant anaconda constricts you.
* * * LOW HITPOINT WARNING * * *
You sock the giant anaconda!
Your headbutt misses the giant anaconda.
The giant anaconda is almost dead.
Unknown command.
You barely miss the giant anaconda.
The giant anaconda is almost dead.
The giant anaconda bites you but does no damage.
The giant anaconda constricts you.
You die...
Your body crumbles into a pile of gold.

∩....[...8.#
#.8........∩###
#∩___......###......_._∩##
######.8.....)...8.######
#⌠....)......⌠#
###....)[...###
#_......._# #_......._#
#_.......S# #∩.......@#
##∩.....∩## ##.....##
##⌠⌠⌠## #####


You could see a giant anaconda.

Vanquished Creatures
  A black mamba (D)
  A rime drake (D)
  Sigmund (D)
  2 wraiths (D)
  A black bear (D)
  4 ice beasts (D)
  2 wights (D)
  A hound (D)
  A gnoll bouda (D)
  4 gnolls (D)
  A spectral adder (D)
  An adder simulacrum (D)
  An endoplasm (D)
  A ball python simulacrum (D)
  A rat (D)
  A spectral ball python (D)
24 creatures vanquished.

Notes
Turn   | Place    | Note
-------+----------+-------------------------------------------
     0 | D        | rocky1 the Minotaur Fighter began the quest for the Orb.
     0 | D        | Reached XP level 1. HP: 19/19 MP: 0/0
     3 | D        | Found an opulent altar of Gozag.
     4 | D        | Found a blossoming altar of Fedhas.
     4 | D        | Found a shadowy altar of Dithmenos.
     5 | D        | Found a sacrificial altar of Ru.
     5 | D        | Found an iron altar of Okawaru.
     5 | D        | Round 1.
     6 | D        | Found Cifelim's Distillery.
     6 | D        | Found a shimmering blue altar of Sif Muna.
     6 | D        | Found Hiam's Do-It-Yourself Clinic.
     7 | D        | Found Raaklooh's Distillery.
     7 | D        | Found Xoffimej's Bottled Wisdom.
    13 | D        | Became a worshipper of Gozag Ym Sagoz the Greedy
    26 | D        | Found a glowing silver altar of Zin.
    28 | D        | Found an ancient bone altar of Kikubaaqudgha.
    31 | D        | Reached skill level 1 in Dodging
    31 | D        | Reached XP level 2. HP: 22/27 MP: 1/1
    50 | D        | Found a shimmering altar of Xom.
    51 | D        | Found a hide-covered altar of Uskayaw.
    51 | D        | Found a burning altar of Makhleb.
    51 | D        | Found an ornate altar of the Wu Jian Council.
    51 | D        | Found Surph's Weapon Rack.
    51 | D        | Found Ditet's Premium Goods.
    52 | D        | Found Ibroniem's Basic Armour.
    52 | D        | Found Mobon's Miscellaneous Merchandise.
    68 | D        | Reached skill level 5 in Maces & Flails
    68 | D        | Reached skill level 5 in Shields
    68 | D        | Reached XP level 3. HP: 35/35 MP: 2/2
    71 | D        | Arena points: 12 (+12) [x2]
    72 | D        | Reached skill level 5 in Fighting
    72 | D        | Reached skill level 5 in Armour
    72 | D        | Found a basalt altar of Yredelemnul.
    89 | D        | Found a snail-covered altar of Cheibriados.
    90 | D        | Found a radiant altar of Vehumet.
    91 | D        | Found Xowei's Identification Station.
    91 | D        | Found a stormy altar of Qazlal.
    91 | D        | Found a bloodstained altar of Trog.
    92 | D        | Found Tuoph's Advanced Armour.
    92 | D        | Found Jaochef's Jewellery.
    97 | D        | Found a corrupted altar of Lugonu.
    99 | D        | Found Detom's Magic Scroll Shop.
   100 | D        | Found a glowing golden altar of the Shining One.
   100 | D        | Found Tekegy's Staff Store.
   101 | D        | Found Nauneder's Magic Scroll Shop.
   101 | D        | Found Xuappav's Must-Have Magic.
   109 | D        | Round 2.
   115 | D        | Bought a heavily runed amber ring for 45 gold pieces
   115 | D        | Identified the ring of Geodood {rCorr MP+9} (You bought it
                  | in a shop in the Dungeon)
   115 | D        | Bought a brightly glowing sapphire amulet for 45 gold
                  | pieces
   115 | D        | Identified the amulet "Geagonke" {Acrobat Fly Slay+2} (You
                  | bought it in a shop in the Dungeon)
   115 | D        | Bought a translucent wooden ring for 45 gold pieces
   115 | D        | Identified the ring "Obihehergh" {rElec rPois rC+ Will+}
                  | (You bought it in a shop in the Dungeon)
   123 | D        | Noticed Sigmund
   133 | D        | Killed Sigmund
   134 | D        | Reached XP level 4. HP: 38/45 MP: 3/3
   134 | D        | Reached XP level 5. HP: 43/51 MP: 3/4
   188 | D        | Noticed a black bear
   193 | D        | Killed a black bear
   194 | D        | Reached skill level 5 in Dodging
   194 | D        | Reached XP level 6. HP: 57/60 MP: 5/5
   221 | D        | Bought a +0 hand crossbow for 105 gold pieces
   231 | D        | Arena points: 48 (+36) [x3]
   258 | D        | Bought 3 potions of heal wounds for 105 gold pieces
   260 | D        | Bought a potion of experience for 300 gold pieces
   260 | D        | Reached skill level 10 in Maces & Flails
   260 | D        | Reached skill level 10 in Shields
   260 | D        | Reached XP level 7. HP: 68/68 MP: 6/6
   296 | D        | Round 3.
   316 | D        | Noticed a wraith
   316 | D        | Noticed a wraith
   336 | D        | Killed a wraith
   340 | D        | Killed a wraith
   341 | D        | Reached XP level 8. HP: 35/75 MP: 7/7
   372 | D        | Arena points: 132 (+84) [x4]
   438 | D        | Round 4.
   439 | D        | Noticed a rime drake
   443 | D        | Killed a rime drake
   451 | D        | Bought 4 potions of curing for 84 gold pieces
   453 | D        | Bought 2 potions of experience for 600 gold pieces
   453 | D        | Reached skill level 5 in Ranged Weapons
   453 | D        | Reached skill level 1 in Evocations
   453 | D        | Reached XP level 9. HP: 65/84 MP: 8/8
   454 | D        | Reached XP level 10. HP: 73/93 MP: 9/9
   510 | D        | Reached skill level 10 in Fighting
   525 | D        | Reached skill level 10 in Armour
   529 | D        | Arena points: 292 (+160) [x5]
   572 | D        | Bought 8 scrolls of enchant weapon for 600 gold pieces
   572 | D        | Bought a scroll of brand weapon for 95 gold pieces
   595 | D        | Round 5.
   596 | D        | Noticed a black mamba
   606 | D        | Noticed a giant anaconda
   607 | D        | Killed a black mamba
   629 | D        | HP: 4/94 [constriction (3)]
   635 | D        | Constricted to death by a giant anaconda

Illustrated notes

Levels and vault maps discovered:
D:        arena_sprint

Skill      XL: |  1  2  3  4  5  6  7  8  9 10 |
---------------+-------------------------------+-----
Fighting       | 4 6 7 8 9 10 | 10.3
Maces & Flails | 3 5 7 8 10 11 12 13 | 13.6
Armour         | 4 6 8 9 10 | 10.3
Dodging        | 1 2 4 5 6 7 8 |  8.7
Shields        | 4 5 8 9 10 11 12 13 | 13.9
Ranged Weapons | 3 4 5 6 |  6.8
Evocations     | 1 2 |  2.7

Action                   |  1- 3 |  4- 6 |  7- 9 | 10-12 || total
-------------------------+-------+-------+-------+-------++-------
Melee: Flail             |    20 |     7 |    33 |    38 ||    98
       Headbutt          |     2 |     4 |     3 |     8 ||    17
 Fire: Hand crossbow     |       |       |       |     3 ||     3
  Use: Potion            |     4 |     1 |     2 |     4 ||    11
Armor: Scale mail        |    10 |     1 |    10 |    10 ||    31
Dodge: Dodged            |    10 |     2 |    14 |    16 ||    42
Block: Buckler           |     6 |     1 |    12 |     7 ||    26

Table legend: (Time is in decaauts)
 A = Elapsed time spent in this place.
 B = Non-inter-level travel time spent in this place.
 C = Inter-level travel time spent in this place.
 D = Time resting spent in this place.
 E = Time spent auto-exploring this place.
 F = Levels seen in this place.
 G = Mean time per level.
                   A        B        C        D        E       F      G
               +--------+--------+--------+--------+--------+-----+--------+
         Total |    655 |    647 |      8 |    113 |     88 |   1 |  655.0 |
       Dungeon |    655 |    647 |      8 |    113 |     88 |   1 |  655.0 |
               +--------+--------+--------+--------+--------+-----+--------+

Top non-repeatable levels by time:
       D: 655 daAuts
